 Dungeon Crawl Stone Soup version 0.27.1-33-g824d729ab1 (webtiles) character file.

Game seed: 7945159025270188366

79 SensoryNuts the Skirmisher (level 4, -3/50 HPs)
             Began as an Ogre Fighter on Dec 6, 2021.
             Succumbed to an adder's poison
             ... on level 2 of the Dungeon.
             The game lasted 00:01:21 (1143 turns).

SensoryNuts the Skirmisher (Ogre Fighter)           Turns: 1143, Time: 00:01:21

Health: -3/50      AC:  3    Str: 21    XL:     4   Next: 38%
Magic:  4/4        EV:  8    Int:  9    God:
Gold:   36         SH:  8    Dex:  8    Spells: 3/3 levels left

rFire    . . .     SeeInvis .   a - +0 flail
rCold    . . .     Faith    .   c - +0 kite shield
rNeg     . . .     Spirit   .   b - +0 robe
rPois    .         Reflect  .   (helmet restricted)
rElec    .         Harm     .   (no cloak)
rCorr    .         Rampage  .   (gloves unavailable)
Will     .....                  (boots unavailable)
Stlth    +.........             (no amulet)
HPRegen  0.16/turn              (no ring)
MPRegen  0.09/turn              (no ring)

@: lethally poisoned (-3 -> -15)
A: large, unfitting armour, tough skin 1
a: no special abilities


You were on level 2 of the Dungeon.
You visited 1 branch of the dungeon, and saw 2 of its levels.

You collected 36 gold pieces.

Inventory:

Hand Weapons
 a - a +0 flail (weapon)
 f - a +0 whip
 g - a +0 short sword
 h - a +0 trident
 k - a +0 club
Armour
 b - a +0 robe (worn)
 c - a +0 kite shield (worn)
 l - a +0 robe
Scrolls
 i - a scroll of amnesia {unknown}
Potions
 d - a potion of might
 e - a potion of invisibility {unknown}
 j - 2 potions of lignification {unknown}


   Skills:
 + Level 5.1 Fighting
 + Level 2.6 Maces & Flails
 + Level 3.0 Dodging
 + Level 0.1 Stealth
 + Level 3.1 Shields


You had 3 spell levels left.
You didn't know any spells.
Your spell library was empty.

Dungeon Overview and Level Annotations

Branches:
Dungeon (2/15)

Altars:


Innate Abilities, Weirdness & Mutations

You are too large for most types of armour.
You have tough skin. (AC +1)


Message History

The adder poisons you! The adder bites you.
You sock the adder!
The adder is heavily wounded.
You feel very sick. You block the adder's attack.
The adder bites you but does no damage. x2
The adder bites you.
You hit the adder but do no damage.
The adder is heavily wounded.
You feel very sick. You block the adder's attack.
The adder completely misses you. The adder bites you.
You are more poisoned.
The adder poisons you! You block the adder's attack.
You barely miss the adder.
The adder is severely wounded.
You feel very sick. The adder bites you.
* * * LOW HITPOINT WARNING * * *
You are lethally poisoned!
The adder poisons you! You block the adder's attack. x2
The adder bites you but does no damage.
You hit the adder but do no damage.
The adder is severely wounded.
* * * LOW HITPOINT WARNING * * *
You feel very sick. The adder bites you but does no damage.
You block the adder's attack. The adder bites you.
* * * LOW HITPOINT WARNING * * *
The adder bites you but does no damage.
You sock the adder!
You kill the adder!
* * * LOW HITPOINT WARNING * * *
You feel very sick. The adder bites you.
* * * LOW HITPOINT WARNING * * *
You are more poisoned.
The adder poisons you! You block the adder's attack.
You sock the adder!
You kill the adder!
You die...

#........# #......#.#
######.#.# #(#.#
###### #.#.#####
.....# #.#.##..
####.####.#.##.#
#......#.##.####.#.##
###.##.#.)...@.......
#.##.###.......#.##
#.##.#.............
#.##.#######.###.##
#..... ... .. ####..
.### # ### .. ##


There were no monsters in sight!

Vanquished Creatures
  Jessica (D:2)
  4 adders (D:2)
  An orc (D:2)
  2 ball pythons (D:2)
  3 endoplasms (D:2)
  2 giant cockroaches
  A goblin (D:2)
  2 hobgoblins
  4 kobolds (D:2)
  3 bats (D:2)
  4 rats
27 creatures vanquished.

Notes
Turn   | Place    | Note
-------+----------+-------------------------------------------
     0 | D:1      | SensoryNuts the Ogre Fighter began the quest for the Orb.
     0 | D:1      | Reached XP level 1. HP: 24/24 MP: 1/1
    76 | D:1      | You fall into a shaft and drop 1 floor!
    86 | D:2      | Reached XP level 2. HP: 11/32 MP: 2/2
   481 | D:2      | Noticed Jessica
   489 | D:2      | Killed Jessica
   490 | D:2      | Reached XP level 3. HP: 28/40 MP: 3/3
   958 | D:2      | Reached XP level 4. HP: 44/49 MP: 4/4
   959 | D:2      | Reached skill level 5 in Fighting
  1142 | D:2      | HP: 2/50 [poisoned by an adder]
  1143 | D:2      | Succumbed to an adder's poison

Illustrated notes

Levels and vault maps discovered:
D:1:      eino_arrival_cavern_b, layout_basic, chequers_serial_rivers_large_b,
          minmay_tromino_mix6
D:2:      layout_basic, basic_altar, uniq_jessica

Skill      XL: |  1  2  3  4 |
---------------+-------------+-----
Maces & Flails | 2 |  2.6
Shields        | 3 |  3.1
Dodging        | 3 |  3.0
Fighting       | 5 |  5.1
Stealth        | |  0.1

Action                   |  1- 3 |  4- 6 || total
-------------------------+-------+-------++-------
Melee: Flail             |    57 |    27 ||    84
Armor: Robe              |    19 |    16 ||    35
Dodge: Dodged            |    30 |    11 ||    41
Block: Kite shield       |    36 |    18 ||    54
